 Dungeon Crawl Stone Soup version bcrawl-1.39.1 (webtiles) character file.

Game seed: 8599867841618953889

368233 Finalfun the Severer (level 11, 0/99 HPs)
             Began as a Minotaur Fighter on Sept 21, 2023.
             Was an Initiate of Gozag.
             Succumbed to a cane toad's poison
             ... on level 3 of the Lair of Beasts.
             The game lasted 00:30:27 (10618 turns).

Finalfun the Severer (Minotaur Fighter)            Turns: 10618, Time: 00:30:27

Health: 0/99       AC: 10    Str: 29    XL:     11   Next: 48%
Magic:  11/11      EV: 15    Int: 10    God:    Gozag
Gold:   356        SH: 11    Dex: 15    Spells: 10/10 levels left

rFire    + . .     GDR:     32% a - +0 war axe
rCold    + . .     SeeInvis .   c - +0 medium shield
rNeg     + . .     Gourm    .   h - +0 scale mail
rPois    +         Faith    .   (helmet restricted)
rElec    +         Spirit   .   g - +0 cloak
rCorr    +         Reflect  .   (no gloves)
MR       .....                  m - +0 pair of boots
Stlth    +.........             (no amulet)
HPRegen  0.26/turn              x - ring of insulation
MPRegen  0.12/turn              r - ring of positive energy

@: mighty, brilliant, agile, lethally poisoned (0 -> -21), resistant, gold aura
A: retaliatory headbutt, horns 2
a: Potion Petition, Call Merchant, Bribe Branch, Renounce Religion


You were on level 3 of the Lair of Beasts.
You worshipped Gozag.
Gozag was aware of your devotion.
You were not hungry.

You visited 3 branches of the dungeon, and saw 11 of its levels.

You collected 1512 gold pieces.
You paid 1156 gold pieces to Gozag.

Inventory:

Hand Weapons
 a - a +0 war axe (weapon)
 b - a +0 hunting sling
Missiles
 u - 1548 stones (quivered)
Armour
 c - a +0 medium shield (worn)
 g - a +0 cloak (worn)
 h - a +0 scale mail (worn)
 m - a +0 pair of boots (worn)
Jewellery
 n - an uncursed ring of wizardry
 r - a ring of positive energy (right hand)
 x - a ring of insulation (left hand)
 G - a +4 ring of evasion {unknown}
Wands
 d - a wand of scattershot (4)
 k - a wand of charming (4)
 B - a wand of disintegration (14)
Scrolls
 f - 2 scrolls of enchant armour {unknown}
 i - 4 scrolls of identify
 j - 7 scrolls of remove curse
 l - 2 scrolls of fear
 o - a scroll of immolation {unknown}
 p - a scroll of noise {unknown}
 q - 3 scrolls of enchant weapon {unknown}
 s - 3 scrolls of revelation
 t - 3 scrolls of teleportation
 v - 3 scrolls of blinking {unknown}
 y - 2 scrolls of amnesia {unknown}
 A - a scroll of brand weapon {unknown}
 E - a scroll of acquirement {unknown}
Potions
 w - 4 potions of heal wounds
 z - 2 potions of flight
 C - a potion of haste
 D - a potion of mutation {unknown}
 F - a potion of curing
Comestibles
 e - 11 rations {!d}


   Skills:
 - Level 10.0 Fighting
 - Level 16.0 Axes
 + Level 6.3 Armour
 + Level 6.0 Dodging
 + Level 6.3 Shields
 + Level 2.2 Evocations


You had 10 spell levels left.
You didn't know any spells.
Your spell library contained the following spells:

 Spells                   Type           Power        Failure   Level  Hunger
 Flame Tongue             Conj/Fire      #....        50%         1    None
 Flaming Arrows           Chrm/Fire      #.......     63%         2    ####...
 Conjure Flame            Conj/Fire      #.......     82%         3    #####..
 Inner Flame              Hex/Fire       N/A          82%         3    #####..
 Sticky Flame             Conj/Fire      #.......     99%         4    ######.
 Fireball                 Conj/Fire      #.........   100%        5    #######


Dungeon Overview and Level Annotations

Branches:
Dungeon (7/12)             Temple (1/1) D:4            Lair (3/6) D:7
  Swamp: Lair:2-4    Shoals: Lair:2-4     Snake: Lair:2-4    Spider: Lair:2-4

Altars:
Ashenzari
Cheibriados
Dithmenos
Elyvilon
Fedhas
Gozag
Hepliaklqana
Kikubaaqudgha
Lugonu
Makhleb
Nemelex Xobeh
Okawaru
Qazlal
Ru
Sif Muna
Trog
Uskayaw
Vehumet
Wu Jian
Xom
Yredelemnul
Zin
The Shining One

Annotations:
Lair:1 exclusion: 2 oklob plants


Innate Abilities, Weirdness & Mutations

You reflexively headbutt those who attack you in melee.
You have a pair of horns on your head.


Message History

[c] - 228 gold - might, agility and brilliance Purchase which effect?
You feel protected.
You feel agile all of a sudden.
You feel very mighty all of a sudden.
You feel clever all of a sudden.
* * * LOW HITPOINT WARNING * * *
You feel very sick. You block the cane toad's attack.
You slash the cane toad!
The cane toad is severely wounded.
* * * LOW HITPOINT WARNING * * *
You feel sick. The cane toad closely misses you.
You closely miss the cane toad.
The cane toad is severely wounded.
* * * LOW HITPOINT WARNING * * *
You feel sick. The cane toad hits you!
* * * LOW HITPOINT WARNING * * *
You slice the cane toad!!
You kill the cane toad!
You die...
Your body crumbles into a pile of gold.

##. .... .. .. ##.##
##....####.####.#
.#..###.................
.......................#
.......................#
.......................#
...............P.......#
<.............#.$#P.P..###
.##.......... ##@#P.##.#.#
.##....P..... #....#...#
.#P..#P...... #....#P..#
.##.......... #.......P#
............. #.......##
.##........... ####.#..####
..............##..#.......##
.......................P....
..P.........................


There were no monsters in sight!

Vanquished Creatures
  3 black mambas
  4 cane toads
  2 rime drakes
  A hornet (Lair:2)
  5 hippogriffs
  3 blink frogs (Lair:1)
  Sigmund (D:6)
  A wyvern (Lair:3)
  2 hungry ghosts
  2 basilisks (D:7)
  6 crocodiles
  Menkaure (D:6)
  3 water moccasins
  A sky beast (D:7)
  4 porcupines
  4 black bears
  6 ogres
  2 phantoms (D:5)
  22 wolves
  3 bullfrogs
  A gnoll sergeant (D:3)
  3 centaurs
  5 scorpions
  A water moccasin skeleton (D:6)
  2 howler monkeys
  An orc priest (D:6)
  2 crimson imps (D:4)
  A bullfrog zombie (D:7)
  4 hounds
  2 gnoll shamans (D:3)
  3 jellies
  2 orc wizards (D:7)
  A bullfrog skeleton (D:6)
  3 iguanas
  7 worker ants
  A hound zombie (D:5)
  2 hound skeletons (D:5)
  35 gnolls
  9 adders
  A shadow imp (D:5)
  2 adder zombies
  An ooze (D:3)
  An adder skeleton (D:7)
  12 worms
  5 dart slugs
  4 leopard geckos
  14 orcs
  2 giant cockroaches
  9 hobgoblins
  18 jackals (D:3)
  7 kobolds
  3 quokkas
  A ball python (D:3)
  4 bats
  3 frilled lizards
  5 goblins
  4 rats
  2 butterflies (Lair:3)
  A fungus (Lair:3)
  A plant (Lair:1)
261 creatures vanquished.

Vanquished Creatures (others)
  An orc wizard (D:3)
  A bush (D:7)
  6 fungi
  20 plants
28 creatures vanquished.

Grand Total: 289 creatures vanquished

Notes
Turn   | Place    | Note
-------+----------+-------------------------------------------
     0 | D:1      | Finalfun the Minotaur Fighter began the quest for the Orb.
     0 | D:1      | Reached XP level 1. HP: 19/19 MP: 0/0
    20 | D:1      | Noticed an electric eel
    21 | D:1      | Noticed an electric eel
   120 | D:1      | Reached XP level 2. HP: 24/27 MP: 1/1
   247 | D:1      | Reached skill level 3 in Axes
   437 | D:1      | Reached XP level 3. HP: 33/33 MP: 2/2
   816 | D:2      | Reached skill level 4 in Axes
   920 | D:2      | Reached skill level 1 in Dodging
  1236 | D:2      | Reached XP level 4. HP: 37/40 MP: 3/3
  1799 | D:3      | Found a radiant altar of Vehumet.
  1799 | D:3      | Found a sparkling altar of Nemelex Xobeh.
  2018 | D:3      | Reached XP level 5. HP: 46/46 MP: 4/4
  2331 | D:3      | Reached skill level 5 in Axes
  2557 | D:3      | Reached XP level 6. HP: 52/52 MP: 5/5
  2602 | D:3      | Reached skill level 6 in Axes
  2674 | D:3      | Reached skill level 7 in Axes
  2675 | D:3      | Reached XP level 7. HP: 44/59 MP: 6/6
  2686 | D:3      | Reached skill level 8 in Axes
  3410 | D:4      | Found a staircase to the Ecumenical Temple.
  3589 | D:3      | Reached skill level 9 in Axes
  4043 | Temple   | Entered the Ecumenical Temple
  4119 | Temple   | Became a worshipper of Gozag Ym Sagoz the Greedy
  4188 | D:4      | Reached skill level 10 in Axes
  4188 | D:4      | Reached XP level 8. HP: 66/66 MP: 7/7
  4450 | D:5      | Entered Level 5 of the Dungeon
  4527 | D:4      | Reached skill level 11 in Axes
  4869 | D:5      | Reached skill level 12 in Axes
  5093 | D:5      | Found an iron altar of Okawaru.
  5263 | D:5      | Reached XP level 9. HP: 71/71 MP: 8/8
  5358 | D:6      | Noticed Sigmund
  5425 | D:6      | Reached skill level 13 in Axes
  5679 | D:6      | Killed Sigmund
  5685 | D:6      | Noticed Menkaure
  5690 | D:6      | Killed Menkaure
  5691 | D:6      | Reached skill level 14 in Axes
  6331 | D:6      | Noticed a two-headed ogre
  6780 | D:7      | Reached skill level 15 in Axes
  6959 | D:7      | Reached XP level 10. HP: 55/78 MP: 9/9
  7100 | D:7      | Reached skill level 16 in Axes
  7130 | D:7      | Found a staircase to the Lair.
  7142 | D:7      | Reached skill level 5 in Fighting
  7312 | Lair:1   | Entered Level 1 of the Lair of Beasts
  7320 | Lair:1   | Noticed a black mamba
  7330 | Lair:1   | Killed a black mamba
  8199 | Lair:1   | Noticed an oklob plant
  8199 | Lair:1   | Noticed an oklob plant
  8315 | Lair:2   | Noticed a cane toad
  8320 | Lair:2   | Killed a cane toad
  8392 | Lair:2   | Noticed a cane toad
  8400 | Lair:2   | Killed a cane toad
  8401 | Lair:2   | Reached skill level 10 in Fighting
  8689 | Lair:1   | Reached XP level 11. HP: 49/99 MP: 10/10
  9003 | Lair:2   | Reached skill level 5 in Armour
  9003 | Lair:2   | Reached skill level 5 in Shields
  9191 | Lair:1   | Reached skill level 5 in Dodging
  9428 | Lair:1   | Reached skill level 1 in Evocations
 10617 | Lair:3   | HP: 1/99 [cane toad (15)]
 10618 | Lair:3   | Succumbed to a cane toad's poison

Skill      XL: |  1  2  3  4  5  6  7  8  9 10 11 |
---------------+----------------------------------+-----
Armour         | 4 6 |  6.3
Fighting       | 4 10 | 10.0
Shields        | 4 6 |  6.3
Axes           | 3 4 5 7 10 12 15 16 | 16.0
Dodging        | 1 3 4 6 |  6.0
Evocations     | 2 |  2.2

Action                   |  1- 3 |  4- 6 |  7- 9 | 10-12 || total
-------------------------+-------+-------+-------+-------++-------
Melee: War axe           |   112 |   123 |   287 |   285 ||   807
       Headbutt          |    19 |    23 |    56 |    38 ||   136
 Fire: Hunting sling     |       |    34 |       |       ||    34
Throw: Tomahawk          |       |       |    85 |    12 ||    97
       Stone             |       |       |       |    55 ||    55
Invok: Potion Petition   |       |       |     1 |     3 ||     4
  Use: Potion            |       |     5 |     2 |       ||     7
       Scroll            |       |     1 |     6 |     1 ||     8
 Stab: Distracted        |       |     1 |     1 |       ||     2
  Eat: Chunk             |     5 |    10 |     5 |       ||    20
       Ration            |       |       |     8 |     5 ||    13
Armor: Scale mail        |    47 |    53 |    97 |    87 ||   284
Dodge: Dodged            |    19 |    36 |    91 |    84 ||   230
Block: Medium shield     |    50 |    75 |   148 |   158 ||   431
